 Dungeon Sprint DCSS version 0.21.1-1-g345015f (webtiles) character file.

6416 wilfster70 the Covert (level 10, -4/83 HPs)
             Began as a Gnoll Enchanter on June 19, 2018.
             Was a High Priest of Okawaru.
             Slain by a demonic crawler (7 damage)
             ... in the Dungeon (Sprint I: "Red Sonja").
             The game lasted 00:11:03 (1146 turns).

wilfster70 the Covert (Gnoll Enchanter)             Turns: 1146, Time: 00:11:04

Health: -4/83      AC:  7    Str: 14      XL:     10   Next: 98%
Magic:  24/24      EV: 18    Int: 18      God:    Okawaru [*****.]
Gold:   1200       SH:  0    Dex: 13 (15) Spells: 24/30 levels left

rFire    . . .     SeeInvis +   b - +8 whip "Snakebite" {curare, rPois}
rCold    . . .     Gourm    .   (no shield)
rNeg     . . .     Faith    .   m - +1 robe {Archmagi}
rPois    +         Spirit   .   l - +1 helmet {SInv}
rElec    .         Reflect  .   (no cloak)
rCorr    .         Harm     .   (no gloves)
MR       .....     NoTele   +   k - +0 pair of boots (curse)
Stlth    +++++.....             (no amulet)
HPRegen  0.23/turn              (no ring)
MPRegen  0.19/turn              (no ring)

@: hasted, very quick
A: distributed training, fangs 1, strong nose
a: Heroism, Finesse, Renounce Religion


You were in the Dungeon.
You worshipped Okawaru.
Okawaru was extremely pleased with you.
You were hungry.

You visited 1 branch You collected 1453 gold pieces.
You spent 253 gold pieces at shops.

Inventory:

Hand Weapons
 a - a +2 dagger of holy wrath
 b - the +8 whip "Snakebite" (weapon) {curare, rPois}
   (You found it in the Dungeon)

   It poisons the flesh of those it strikes.
   It protects you from poison.
 s - a +1 dagger
Armour
 k - a cursed +0 pair of boots (worn)
 l - a +1 helmet of see invisible (worn)
 m - a +1 robe of the Archmagi (worn)
 o - a +0 large shield
Scrolls
 j - a scroll of blinking
 p - a scroll of amnesia
 r - a scroll of holy word
Potions
 e - 5 potions of curing
 h - 2 potions of magic
 i - a potion of flight
Books
 c - a book of Maledictions

   Spells                             Type                      Level
   a - Corona                         Hexes                        1
   b - Ensorcelled Hibernation        Hexes/Ice                    2
   c - Confuse                        Hexes                        3
   d - Tukima's Dance                 Hexes                        3
   e - Dazzling Spray                 Conjuration/Hexes            3
 q - a book of Cantrips

   Spells                             Type                      Level
   a - Confusing Touch                Hexes                        1
   b - Animate Skeleton               Necromancy                   1
   c - Summon Small Mammal            Summoning                    1
   d - Apportation                    Translocation                1
Comestibles
 d - 2 rations


   Skills:
 + Level 9.4 Fighting
 + Level 9.8 Short Blades
 + Level 9.4 Long Blades
 + Level 9.4 Axes
 + Level 9.4 Maces & Flails
 + Level 9.4 Polearms
 + Level 9.4 Staves
 + Level 9.4 Slings
 + Level 9.4 Bows
 + Level 9.4 Crossbows
 + Level 9.4 Throwing
 + Level 9.4 Armour
 + Level 10.4 Dodging
 + Level 11.0 Stealth
 + Level 9.4 Shields
 + Level 9.4 Unarmed Combat
 + Level 10.6 Spellcasting
 + Level 7.9 Conjurations
 + Level 9.6 Hexes
 + Level 7.9 Charms
 + Level 7.9 Summonings
 + Level 7.9 Necromancy
 + Level 7.9 Translocations
 + Level 7.9 Transmutations
 + Level 7.9 Fire Magic
 + Level 7.9 Ice Magic
 + Level 7.9 Air Magic
 + Level 7.9 Earth Magic
 + Level 7.9 Poison Magic
 + Level 10.2 Invocations
 + Level 9.4 Evocations


You had 24 spell levels left.
You knew the following spells:

 Your Spells              Type           Power        Failure   Level  Hunger
a - Corona                Hex            ######.      1%          1    None
b - Ensorcelled Hibernat  Hex/Ice        ######       1%          2    None
c - Confuse               Hex            ######..     1%          3    None


Dungeon Overview and Level Annotations

Branches:
Dungeon (1/1)

Altars:
Cheibriados
Dithmenos
Elyvilon
Fedhas
Gozag
Hepliaklqana
Kikubaaqudgha
Makhleb
Nemelex Xobeh
Okawaru
Qazlal
Ru
Sif Muna
Trog
Uskayaw
Vehumet
Wu Jian
Xom
Yredelemnul
Zin
The Shining One
Jiyva
Lugonu

Shops:
D %[}?[((?[%}***=[[


Innate Abilities, Weirdness & Mutations

Your experience applies equally to all skills.
You have very sharp teeth.
Your uncanny sense of smell can sniff out nearby items.


Message History

* * * LOW HITPOINT WARNING * * *
The demonic crawler misses you.
You feel yourself speed up. The demonic crawler barely misses you.
The demonic crawler closely misses you. The demonic crawler hits you!
* * * LOW HITPOINT WARNING * * *
You hit the demonic crawler.
The demonic crawler is lightly wounded.
The demonic crawler completely misses you.
The demonic crawler misses you.
The demonic crawler completely misses you.
You hit the demonic crawler.
You bite the demonic crawler, but do no damage.
The demonic crawler is moderately wounded.
You hit the demonic crawler but do no damage.
Your bite misses the demonic crawler.
The demonic crawler is moderately wounded.
The demonic crawler hits you!
* * * LOW HITPOINT WARNING * * *
The demonic crawler closely misses you. The demonic crawler hits you!
You die...

##########################
#<.#..'..#..'..#__#.)'...#∆∆ ∆
#..').#.)'[.#.ss..'s[#...##+#∆
#..#####'#####s#__####..s'..#∆
#..####..#...#@####§.#####..+∆
#..#__####..##.#≈≈≈§§#§§# +##
#..#_____##'#_.'§§§§.§.§#
#⌠⌠#_.∩...'.(._#§§§§§#.§#
####_..__##_.#'##§#####§###
∆∆#_____###'#.#().[###§'§#
############.####§###.###§#
#∩........'.).'.....'.∩##.#
###++++####...###########÷# ∆


You could see 3 demonic crawlers.

Vanquished Creatures
  2 centaur warriors (D)
  Sonja (D)
  2 unseen horrors (D)
  A deep troll (D)
  An oklob plant (D)
  2 kobold demonologists (D)
  A hornet (D)
  A slime creature (D)
  Sigmund (D)
  2 redbacks (D)
  A yak (D)
  2 floating eyes (D)
  7 necrophages (D)
  An ogre (D)
  8 jellies (D)
  Ijyb (D)
  2 ballistomycetes (D)
36 creatures vanquished.

Vanquished Creatures (others)
  2 ballistomycete spores (D)
2 creatures vanquished.

Grand Total: 38 creatures vanquished

Notes
Turn   | Place    | Note
-------+----------+-------------------------------------------
     0 | D        | wilfster70 the Gnoll Enchanter began the quest for the Orb.
     0 | D        | Reached XP level 1. HP: 13/13 MP: 6/6
     1 | D        | Noticed Ijyb
     6 | D        | Killed Ijyb
     6 | D        | Reached skill level 1 in Fighting
     6 | D        | Reached skill level 1 in Long Blades
     6 | D        | Reached skill level 1 in Axes
     6 | D        | Reached skill level 1 in Maces & Flails
     6 | D        | Reached skill level 1 in Polearms
     6 | D        | Reached skill level 1 in Staves
     6 | D        | Reached skill level 1 in Slings
     6 | D        | Reached skill level 1 in Bows
     6 | D        | Reached skill level 1 in Crossbows
     6 | D        | Reached skill level 1 in Throwing
     6 | D        | Reached skill level 1 in Armour
     6 | D        | Reached skill level 6 in Stealth
     6 | D        | Reached skill level 1 in Shields
     6 | D        | Reached skill level 1 in Unarmed Combat
     6 | D        | Reached skill level 5 in Spellcasting
     6 | D        | Reached skill level 1 in Conjurations
     6 | D        | Reached skill level 1 in Charms
     6 | D        | Reached skill level 1 in Summonings
     6 | D        | Reached skill level 1 in Necromancy
     6 | D        | Reached skill level 1 in Translocations
     6 | D        | Reached skill level 1 in Transmutations
     6 | D        | Reached skill level 1 in Fire Magic
     6 | D        | Reached skill level 1 in Ice Magic
     6 | D        | Reached skill level 1 in Air Magic
     6 | D        | Reached skill level 1 in Earth Magic
     6 | D        | Reached skill level 1 in Poison Magic
     6 | D        | Reached skill level 1 in Invocations
     6 | D        | Reached skill level 1 in Evocations
     6 | D        | Reached XP level 2. HP: 22/22 MP: 8/8
     6 | D        | Reached XP level 3. HP: 27/27 MP: 9/9
    20 | D        | Learned a level 2 spell: Ensorcelled Hibernation
    24 | D        | Learned a level 3 spell: Confuse
    44 | D        | Noticed an ogre
    46 | D        | Killed an ogre
    46 | D        | Reached skill level 5 in Dodging
    46 | D        | Reached XP level 4. HP: 35/35 MP: 9/11
    57 | D        | Noticed Sigmund
    60 | D        | Killed Sigmund
    60 | D        | Reached skill level 7 in Stealth
    60 | D        | Reached XP level 5. HP: 42/42 MP: 9/14
    60 | D        | Reached XP level 6. HP: 48/48 MP: 9/15
   109 | D        | Found a deep blue altar of Sif Muna.
   110 | D        | Found an ornate altar of the Wu Jian Council.
   111 | D        | Found a radiant altar of Vehumet.
   115 | D        | Reached skill level 5 in Short Blades
   118 | D        | Found Cuuhuat's Armour Emporium.
   118 | D        | Found an ancient bone altar of Kikubaaqudgha.
   118 | D        | Found a hazy altar of Hepliaklqana.
   118 | D        | Found a stormy altar of Qazlal.
   118 | D        | Found a hide-covered altar of Uskayaw.
   118 | D        | Found a blossoming altar of Fedhas.
   118 | D        | Found a bloodstained altar of Trog.
   118 | D        | Found an iron altar of Okawaru.
   118 | D        | Found a basalt altar of Yredelemnul.
   118 | D        | Found a glowing golden altar of the Shining One.
   118 | D        | Found a snail-covered altar of Cheibriados.
   118 | D        | Found a sacrificial altar of Ru.
   118 | D        | Found a glowing silver altar of Zin.
   118 | D        | Found a shadowy altar of Dithmenos.
   118 | D        | Found a white marble altar of Elyvilon.
   118 | D        | Noticed a yak
   119 | D        | Found an opulent altar of Gozag.
   120 | D        | Killed a yak
   120 | D        | Reached skill level 5 in Invocations
   121 | D        | Found a sparkling altar of Nemelex Xobeh.
   125 | D        | Bought a +0 helmet for 54 gold pieces
   125 | D        | Bought a cursed +0 pair of boots for 18 gold pieces
   172 | D        | Noticed Sonja
   177 | D        | Killed Sonja
   177 | D        | Reached skill level 8 in Stealth
   177 | D        | Reached skill level 5 in Conjurations
   177 | D        | Reached skill level 5 in Charms
   177 | D        | Reached skill level 5 in Summonings
   177 | D        | Reached skill level 5 in Necromancy
   177 | D        | Reached skill level 5 in Translocations
   177 | D        | Reached skill level 5 in Transmutations
   177 | D        | Reached skill level 5 in Fire Magic
   177 | D        | Reached skill level 5 in Ice Magic
   177 | D        | Reached skill level 5 in Air Magic
   177 | D        | Reached skill level 5 in Earth Magic
   177 | D        | Reached skill level 5 in Poison Magic
   177 | D        | Reached XP level 7. HP: 31/58 MP: 12/18
   177 | D        | Reached XP level 8. HP: 34/64 MP: 13/20
   326 | D        | Found a viscous altar of Jiyva.
   326 | D        | Found a corrupted altar of Lugonu.
   326 | D        | Noticed a slime creature
   327 | D        | Found a burning altar of Makhleb.
   327 | D        | Found a shimmering altar of Xom.
   331 | D        | Killed a slime creature
   353 | D        | Became a worshipper of Warmaster Okawaru
   377 | D        | Found Ykid's Food Boutique.
   389 | D        | Noticed a deep troll
   393 | D        | Killed a deep troll
   393 | D        | Reached * piety under Okawaru
   393 | D        | Reached skill level 9 in Stealth
   393 | D        | Reached XP level 9. HP: 71/71 MP: 21/21
   405 | D        | Found Qumeij's Armour Emporium.
   412 | D        | Bought a +1 helmet of see invisible for 181 gold pieces
   436 | D        | Noticed a centaur warrior
   436 | D        | Noticed a centaur warrior
   439 | D        | Killed a centaur warrior
   439 | D        | Reached ** piety under Okawaru
   441 | D        | Killed a centaur warrior
   441 | D        | Reached skill level 10 in Stealth
   454 | D        | Noticed a hornet
   457 | D        | Killed a hornet
   467 | D        | Noticed an oklob plant
   469 | D        | Killed an oklob plant
   469 | D        | Reached *** piety under Okawaru
   469 | D        | Reached XP level 10. HP: 81/81 MP: 23/23
   498 | D        | Noticed an unseen horror
   499 | D        | Noticed an unseen horror
   501 | D        | Killed an unseen horror
   501 | D        | Reached skill level 10 in Spellcasting
   509 | D        | Killed an unseen horror
   509 | D        | Reached **** piety under Okawaru
   509 | D        | Reached skill level 10 in Dodging
   540 | D        | Found the +8 whip "Snakebite" {curare, rPois}
   693 | D        | Reached skill level 10 in Invocations
   790 | D        | Found Veseril's Magic Scroll Shoppe.
   790 | D        | Found Juticac's Gadget Shop.
   790 | D        | Found Vifer's Armour Boutique.
   792 | D        | Found Micew's Antique Weapon Emporium.
   792 | D        | Found Felemo's Weapon Shop.
   792 | D        | Found Qoarusk's Magic Scroll Shoppe.
   792 | D        | Found Uruth's Antique Armour Boutique.
   792 | D        | Found Doxtem's Food Emporium.
   792 | D        | Found Ponysmesm's Gadget Shop.
   792 | D        | Found Laynioko's General Store.
   794 | D        | Found Zaedei's General Store.
   795 | D        | Found Hidwov's Jewellery Emporium.
   795 | D        | Found Dufi's General Store.
   796 | D        | Found Coplun's Antique Armour Emporium.
  1089 | D        | Noticed a kobold demonologist
  1090 | D        | Noticed a kobold demonologist
  1094 | D        | Paralysed by a floating eye for 2 turns
  1098 | D        | Paralysed by a floating eye for 3 turns
  1109 | D        | Killed a kobold demonologist
  1109 | D        | Received a gift from Okawaru
  1109 | D        | Reached skill level 11 in Stealth
  1113 | D        | Killed a kobold demonologist
  1113 | D        | Reached ***** piety under Okawaru
  1146 | D        | HP: 3/83 [demonic crawler (9)]
  1146 | D        | Slain by a demonic crawler

Skill      XL: |  1  2  3  4  5  6  7  8  9 10 |
---------------+-------------------------------+-----
Fighting       | 1 3 4 6 8 9 |  9.4
Short Blades   | 3 4 6 7 8 9 |  9.8
Long Blades    | 1 3 4 6 8 9 |  9.4
Axes           | 1 3 4 6 8 9 |  9.4
Maces & Flails | 1 3 4 6 8 9 |  9.4
Polearms       | 1 3 4 6 8 9 |  9.4
Staves         | 1 3 4 6 8 9 |  9.4
Slings         | 1 3 4 6 8 9 |  9.4
Bows           | 1 3 4 6 8 9 |  9.4
Crossbows      | 1 3 4 6 8 9 |  9.4
Throwing       | 1 3 4 6 8 9 |  9.4
Armour         | 1 3 4 6 8 9 |  9.4
Stealth        | 6 7 8 9 10 11 | 11.0
Shields        | 1 3 4 6 8 9 |  9.4
Unarmed Combat | 1 3 4 6 8 9 |  9.4
Spellcasting   | 5 6 8 9 10 | 10.6
Conjurations   | 1 2 3 5 6 7 |  7.9
Charms         | 1 2 3 5 6 7 |  7.9
Summonings     | 1 2 3 5 6 7 |  7.9
Necromancy     | 1 2 3 5 6 7 |  7.9
Translocations | 1 2 3 5 6 7 |  7.9
Transmutations | 1 2 3 5 6 7 |  7.9
Fire Magic     | 1 2 3 5 6 7 |  7.9
Ice Magic      | 1 2 3 5 6 7 |  7.9
Air Magic      | 1 2 3 5 6 7 |  7.9
Earth Magic    | 1 2 3 5 6 7 |  7.9
Poison Magic   | 1 2 3 5 6 7 |  7.9
Invocations    | 1 3 4 6 7 9 10 | 10.2
Evocations     | 1 3 4 6 8 9 |  9.4
Dodging        | 5 6 7 8 9 10 | 10.4
Hexes          | 6 7 8 9 |  9.6

Action                   |  1- 3 |  4- 6 |  7- 9 | 10-12 || total
-------------------------+-------+-------+-------+-------++-------
Melee: Dagger            |     4 |     4 |     8 |    37 ||    53
       Bite              |     2 |       |     1 |     7 ||    10
       Punch             |       |       |     1 |     1 ||     2
       Whip              |       |       |       |    19 ||    19
 Cast: Ensorcelled Hiber |       |     3 |     2 |    11 ||    16
       Confuse           |       |       |       |     8 ||     8
  Use: Potion            |     1 |       |       |     2 ||     3
       Scroll            |       |       |       |     3 ||     3
 Stab: Sleeping          |     1 |     4 |     6 |    16 ||    27
       Confused          |       |       |       |     6 ||     6
Armor: Robe              |       |     1 |       |    39 ||    40
Dodge: Dodged            |     2 |     1 |     5 |    93 ||   101
